 Dungeon Crawl Stone Soup version 0.24-a0-412-ge138f7edaf (webtiles) character file.

Game seed: 7820604937331817649

77 tsouns the Sneak (level 4, 0/31 HPs)
             Began as a Spriggan Artificer on June 6, 2019.
             Succumbed to an adder's poison
             ... on level 2 of the Dungeon.
             The game lasted 00:06:24 (2807 turns).

tsouns the Sneak (Spriggan Artificer)               Turns: 2807, Time: 00:06:25

Health: 0/31       AC: 22    Str:  8    XL:     4   Next: 14%
Magic:  8/8        EV:  4    Int: 13    God:
Gold:   189        SH:  0    Dex: 21    Spells: 3/3 levels left

rFire    . . .     SeeInvis +   a - +0 short sword
rCold    + . .     Gourm    .   (shield restricted)
rNeg     + + +     Faith    .   (armour currently unavailable)
rPois    +         Spirit   .   (helmet currently unavailable)
rElec    .         Reflect  .   (cloak currently unavailable)
rCorr    .         Harm     .   (gloves unavailable)
MR       .....     NoTele   +   (boots unavailable)
Stlth    ++++......             (no amulet)
HPRegen  0.10/turn              n - ring of protection from cold
MPRegen  0.11/turn              (no ring)

@: agile, lethally poisoned (0 -> -9), tree-form
A: very small, unfitting armour, see invisible, herbivore, slow metabolism 2
a: no special abilities


You were on level 2 of the Dungeon.
You were not hungry.
You were a tree.
You visited 1 branch of the dungeon, and saw 2 of its levels.

You collected 189 gold pieces.

Inventory:

Hand Weapons
 a - a +0 short sword (weapon)
Missiles
 e - 14 stones (quivered)
Armour
 b - a +0 robe (melded)
Jewellery
 n - a ring of protection from cold (left branch)
Wands
 d - a wand of enslavement (13)
Scrolls
 c - a scroll of amnesia {unknown}
 h - a scroll of teleportation {unknown}
 i - a scroll of enchant weapon {unknown}
 k - a scroll of remove curse {unknown}
 l - a scroll of identify
Comestibles
 f - 7 rations


   Skills:
 - Level 0.7 Fighting
 + Level 3.1 Short Blades
 - Level 3.0 Dodging
 + Level 4.6 Stealth
 - Level 4.0 Evocations


You had 3 spell levels left.
You didn't know any spells.
Your spell library was empty.

Dungeon Overview and Level Annotations

Branches:
Dungeon (2/15)

Altars:


Innate Abilities, Weirdness & Mutations

You are very small and have problems with some larger weapons.
You are too small for most types of armour.
You have supernaturally acute eyesight. (SInv)
You are a herbivore.
((You cover ground extremely quickly.))
You need to consume almost no food.


Message History

It was a potion of agility.
You feel agile all of a sudden.
* * * LOW HITPOINT WARNING * * *
You feel sick. The adder barely misses you.
It was a potion of lignification.
You turn into a tree.
Your +0 robe melds into your body.
Your roots penetrate the ground.
* * * LOW HITPOINT WARNING * * *
You feel sick. The adder bites you but does no damage.
You barely miss the adder.
The adder is almost dead.
* * * LOW HITPOINT WARNING * * *
You feel sick. The adder completely misses you.
The adder bites you but does no damage.
You closely miss the adder.
The adder is almost dead.
The adder bites you.
* * * LOW HITPOINT WARNING * * *
You hit the adder.
You kill the adder!
You die...

#### #..# ##.# #### #.#
############
#..####.####..........#
#.......♣....)........###
##......†................
#....................#..
#.#.......#(.........?..
#.#..................###
#)#..................#
#.#.......#.(..[.....#
#÷#.....>...(..#######
#.####.........[#


There were no monsters in sight!

Vanquished Creatures
  2 adders (D:2)
  An ooze (D:1)
  3 worms (D:2)
  2 dart slugs (D:2)
  3 leopard geckos
  5 bats
  2 giant cockroaches (D:1)
  3 goblins
  5 hobgoblins
  2 kobolds (D:1)
  A quokka (D:2)
  2 frilled lizards
  7 rats
38 creatures vanquished.

Vanquished Creatures (collateral kills)
  A worm (D:2)
  A kobold (D:2)
2 creatures vanquished.

Vanquished Creatures (others)
  A goblin (D:2)
1 creature vanquished.

Grand Total: 41 creatures vanquished

Notes
Turn   | Place    | Note
-------+----------+-------------------------------------------
     0 | D:1      | tsouns the Spriggan Artificer began the quest for the Orb.
     0 | D:1      | Reached XP level 1. HP: 9/9 MP: 4/4
   243 | D:1      | Reached XP level 2. HP: 12/14 MP: 6/6
  1193 | D:1      | Reached XP level 3. HP: 17/17 MP: 7/7
  2530 | D:2      | Reached XP level 4. HP: 8/21 MP: 8/8
  2806 | D:2      | HP: 1/31 [adder (1)]
  2807 | D:2      | Succumbed to an adder's poison

Levels and vault maps discovered:
D:1:      minmay_arrival_semitransparent, layout_basic, chequers_hall_statues_y
D:2:      layout_rooms, chequers_ecumenical_altar_simple

Skill      XL: |  1  2  3 |
---------------+----------+-----
Stealth        | 2 3 4 |  4.6
Short Blades   | 2 3 |  3.1
Fighting       | |  0.7
Dodging        | |  3.0
Evocations     | |  4.0

Action                   |  1- 3 |  4- 6 || total
-------------------------+-------+-------++-------
Melee: Short sword       |   118 |    24 ||   142
Throw: Stone             |     7 |     2 ||     9
Evoke: Wand              |    32 |       ||    32
  Use: Potion            |       |     3 ||     3
       Scroll            |       |     1 ||     1
 Stab: Paralysed         |     4 |       ||     4
       Sleeping          |     3 |       ||     3
Armor: Robe              |    19 |     1 ||    20
       Skin              |       |     2 ||     2
Dodge: Dodged            |   124 |    20 ||   144

Table legend:
 A = Non-vault XP
 B = Vault XP
 C = Vault XP percentage of total XP
 D = Non-vault monster count
 E = Vault monster count
 F = Vault count percentage of total count
                 A         B        C        D         E       F
            +---------+---------+-------+---------+---------+-------
      Total |     111 |       0 |   0.0 |      40 |       0 |   0.0
            +---------+---------+-------+---------+---------+-------
        D:1 |      38 |       0 |   0.0 |      19 |       0 |   0.0
        D:2 |      73 |       0 |   0.0 |      21 |       0 |   0.0
            +---------+---------+-------+---------+---------+-------
